Get step-by-step instructions on how to execute this build order below. Start the game timer, and the build order will tick by so you can play in parallel with StarCraft on a second screen or mobile device.

Game Time

  0:00

Last Step

  N/A

Next Step

  12  0:02  Probe (Chrono Boost)  

Upcoming Step

  13  0:19  Probe (Chrono Boost)  

Don't want to look back and forth between 2 screens? Try out our Overwolf App, the Spawning Tool Build Advisor to get an in-game overlay with this build!

Complete Build Order

  12  0:02  Probe (Chrono Boost)  
  13  0:19  Probe (Chrono Boost)  
  14  0:28  Pylon  
  14  0:36  Probe (Chrono Boost)  
  15  0:56  Probe (Chrono Boost)  
  16  1:13  Gateway, Probe (Chrono Boost)  
  17  1:25  Assimilator  
  18  1:30  Probe (Chrono Boost)  
  18  1:47  Probe (Chrono Boost)  
  19  2:04  Probe (Chrono Boost)  
  20  2:13  Nexus  
  20  2:26  Cybernetics Core  
  20  2:37  Probe (Chrono Boost)  
  21  2:45  Pylon  
  21  2:51  Assimilator  
  21  2:53  Probe (Chrono Boost)  
  23  3:10  Probe (Chrono Boost)  
  23  3:18  Stalker (Chrono Boost)  
  23  3:26  Probe (Chrono Boost)  
  26  3:42  Probe  
  26  3:45  Stalker (Chrono Boost)  
  27  3:59  Probe  
  30  4:16  Robotics Facility, Probe  
  31  4:23  Stalker  
  31  4:27  Warp Gate (Chrono Boost)  
  33  4:33  Probe  
  33  4:34  Gateway  
  33  4:36  Gateway  
  34  4:47  Pylon, Probe  
  30  4:50  Probe  
  36  5:04  Probe  
  36  5:06  Probe  
  38  5:20  Probe  
  38  5:22  Observer  
  40  5:35  Robotics Bay  
  40  5:51  Stalker x2  
  40  5:52  Immortal  
  48  6:02  Stalker  
  48  6:09  Assimilator  
  50  6:10  Assimilator  
  50  6:11  Probe x2  
  50  6:19  Pylon  
  52  6:22  Pylon  
  52  6:28  Pylon, Probe x2  
  54  6:45  Probe x2  
  56  7:02  Probe x2  
  56  7:06  Robotics Facility  
  58  7:18  Probe  
  58  7:19  Probe  
  60  7:29  Extended Thermal Lance (Chrono Boost)  
  60  7:43  Pylon  
  60  7:50  Pylon  
  60  7:57  Pylon  
  60  8:06  Colossus (Chrono Boost)  
  60  8:07  Colossus (Chrono Boost)  
  72  8:24  Probe (Chrono Boost)  
  73  8:43  Zealot x2  
  73  8:44  Zealot  
  79  9:01  Gateway  
  79  9:02  Gateway  
  79  9:03  Gateway  
  79  9:04  Gateway  
  79  9:08  Gateway  
  79  9:20  Immortal x2  
  79  9:24  Pylon  
  79  9:27  Pylon  
  87  9:30  Pylon  
  69  10:27  Forge  
  69  10:30  Twilight Council  
  69  10:40  Zealot x3  
  69  10:49  Protoss Ground Weapons Level 1 (Chrono Boost)  
  74  11:02  Zealot x5  
  84  11:25  Immortal x2  
  92  11:32  Zealot x2  
  92  11:33  Zealot x4  
  92  11:34  Zealot  
  106  11:53  Gravitic Drive  
  106  12:05  Zealot x3  
  112  12:12  Charge  
  112  12:13  Immortal (Chrono Boost)  
  112  12:27  Nexus  
  116  13:00  Pylon  
  116  13:06  Pylon  
  116  13:08  Pylon  
  116  13:10  Warp Prism (Chrono Boost)  
  116  13:11  Pylon  
  122  13:34  Immortal (Chrono Boost)  
  122  13:36  Zealot  
  122  13:37  Zealot x6  
  122  13:38  Zealot  
  134  14:10  Pylon  
  134  14:12  Pylon  
  134  14:14  Pylon  
  134  14:17  Pylon  
  134  14:19  Pylon  
  120  14:31  Zealot x4  
  128  14:56  Zealot x4  
  136  15:19  Probe x3  
  139  15:35  Probe